 Dungeon Crawl Stone Soup version 0.26-a0-831-g7192265339 (webtiles) character file.

Game seed: 18368733836327984497

83780 mhtbhm the Peltast (level 15, -20/95 HPs)
             Began as a Gargoyle Fighter on Nov 14, 2020.
             Was the Champion of Okawaru.
             Demolished by a titanic slime creature (76 damage)
             ... on level 12 of the Dungeon on Nov 15, 2020.
             The game lasted 00:53:57 (26798 turns).

mhtbhm the Peltast (Gargoyle Fighter)              Turns: 26798, Time: 00:53:58

Health: -20/95     AC: 36    Str: 27    XL:     15   Next: 78%
Magic:  25/25      EV: 10    Int: 12    God:    Okawaru [******]
Gold:   1249       SH: 20    Dex: 11    Spells: 14/14 levels left

rFire    . . .     SeeInvis .   a - +2 whip (elec)
rCold    + + .     Faith    .   c - +0 kite shield
rNeg     + . .     Spirit   .   b - +4 plate armour "Nebysk" {*Drain rPois MP+9 Int+4 Dex+2}
rPois    ∞         Reflect  +   P - +2 hat {MR+}
rElec    +         Harm     .   C - +0 cloak
rCorr    .         Rampage  +   (no gloves)
MR       ++...                  l - +1 pair of boots {rampage}
Stlth    ..........             y - amulet of reflection
HPRegen  0.25/turn              H - ring of protection from cold
MPRegen  0.19/turn              p - ring of protection from cold

@: flying, studying Staves
A: big wings, negative energy resistance 1, electricity resistance, unbreathing,
petrification resistance, rot immunity, AC +11
a: Stop Flying, Heroism, Finesse, Renounce Religion


You were on level 12 of the Dungeon.
You worshipped Okawaru.
Okawaru was exalted by your worship.
You visited 5 branches of the dungeon, and saw 22 of its levels.
You also visited: Ice Cave.

You collected 2113 gold pieces.
You spent 864 gold pieces at shops.

Inventory:

Hand Weapons
 a - a +2 whip of electrocution (weapon)
 R - the +11 hand axe of Governance {holy, rPois Str+4}
   (You found it on level 5 of the Lair of Beasts)

   It has been blessed by the Shining One to cause great damage to the undead
   and demons.
   It affects your strength (+4).
   It protects you from poison.
Missiles
 h - 18 atropa-tipped darts (quivered)
 n - 4 datura-tipped darts
Armour
 b - the +4 plate armour "Nebysk" (worn) {*Drain rPois MP+9 Int+4 Dex+2}
   (Okawaru gifted it to you on level 3 of the Lair of Beasts)

   It affects your intelligence (+4).
   It affects your dexterity (+2).
   It protects you from poison.
   It affects your magic capacity (+9).
   It causes draining when unequipped.
 c - a +0 kite shield (worn)
 l - a +1 pair of boots of rampaging (worn)
 C - a +0 cloak (worn)
 N - a +1 chain mail of cold resistance
 P - a +2 hat of magic resistance (worn)
Jewellery
 p - a ring of protection from cold (right hand)
 y - an amulet of reflection (around neck)
 H - a ring of protection from cold (left hand)
 Q - an uncursed amulet of regeneration
Wands
 d - a wand of digging (4)
 t - a wand of iceblast (22)
Scrolls
 e - 10 scrolls of teleportation
 g - 5 scrolls of fear
 j - 4 scrolls of immolation
 k - 5 scrolls of enchant weapon
 o - 2 scrolls of magic mapping
 s - 6 scrolls of remove curse
 u - 2 scrolls of identify
 v - 2 scrolls of blinking
 D - 5 scrolls of fog
 J - 3 scrolls of enchant armour
 S - a scroll of holy word {unknown}
Potions
 f - a potion of curing
 i - a potion of might
 m - 2 potions of berserk rage
 q - 3 potions of mutation
 x - 2 potions of resistance
 A - a potion of lignification {unknown}
 B - 4 potions of heal wounds
 E - 2 potions of magic {unknown}
 F - 5 potions of flight {unknown}
 L - 5 potions of invisibility
Books
 M - a manual of Staves
Miscellaneous
 r - a condenser vane


   Skills:
 + Level 11.3 Fighting
 + Level 0.4(8.1) Axes
 + Level 13.4 Maces & Flails
 + Level 12.0 Armour
 + Level 6.4 Dodging
 + Level 6.5 Stealth
 + Level 17.6 Shields
 + Level 2.0 Invocations
 + Level 1.1 Evocations


You had 14 spell levels left.
You didn't know any spells.
Your spell library contained the following spells:

 Spells                   Type           Power        Failure   Level
 Beastly Appendage        Tmut           #.....       95%         1
 Magic Dart               Conj           #...         95%         1
 Blink                    Tloc           N/A          98%         2
 Call Imp                 Summ           #.......     98%         2
 Slow                     Hex            #.......     98%         2
 Wereblood                Tmut           #.......     98%         2
 Conjure Flame            Conj/Fire      #.......     100%        3
 Mephitic Cloud           Conj/Pois/Air  #.......     100%        3
 Spider Form              Tmut/Pois      #.........   100%        3
 Ice Form                 Ice/Tmut       #.......     100%        4
 Blade Hands              Tmut           #.........   100%        5
 Bolt of Magma            Conj/Fire/Erth #.........   100%        5
 Iskenderun's Battlesphe  Conj           #.......     100%        5
 Iron Shot                Conj/Erth      #.........   100%        6
 Orb of Destruction       Conj           #.........   100%        7
 Spellforged Servitor     Conj/Summ      #.........   100%        7


Dungeon Overview and Level Annotations

Branches:
Dungeon (12/15)            Temple (1/1) D:4            Lair (6/6) D:9
 Shoals (0/4) Lair:4       Spider (0/4) Lair:3        Slime (0/5) Lair:6
    Orc (2/2) D:9             Elf (1/3) Orc:2         IceCv (visited)

Altars:
Ashenzari
Cheibriados
Dithmenos
Elyvilon
Fedhas
Gozag
Hepliaklqana
Kikubaaqudgha
Makhleb
Nemelex Xobeh
Okawaru
Qazlal
Ru
Sif Muna
Trog
Uskayaw
Vehumet
Wu Jian
Xom
Yredelemnul
Zin
The Shining One
Beogh

Shops:
D:7 *   Orc:2 [*}(!


Innate Abilities, Weirdness & Mutations

You are resistant to torment.
Your stone body is resilient. (AC +11)
You are immune to poison.
Your large and strong wings let you fly indefinitely.
You resist negative energy. (rN+)
You are resistant to electric shocks. (rElec)
You can survive without breathing.
You are immune to petrification.
You are immune to rotting.


Message History

The titanic slime creature is heavily wounded.
Your plate armour "Nebysk" prevents you from hitting the titanic slime creature.
The titanic slime creature is heavily wounded.
You whack the titanic slime creature!
Lightning courses through the titanic slime creature!
The titanic slime creature is heavily wounded.
You barely miss the titanic slime creature.
The titanic slime creature is heavily wounded.
You whack the titanic slime creature!
The titanic slime creature is heavily wounded.
The titanic slime creature hits you!
You hit the titanic slime creature.
Lightning courses through the titanic slime creature!!
The titanic slime creature is severely wounded.
You whack the titanic slime creature!
Lightning courses through the titanic slime creature!!
The titanic slime creature is severely wounded.
The titanic slime creature hits you!!!!
Ouch! That really hurt!
You die...

#
####################...#
.........##.....@J.....#
............#######.##.#
...........##
...........#
...........#
...........#
...........##.
......<.......
...).....###.#


You could see a titanic slime creature.

Vanquished Creatures
  A deep elf sorcerer (Elf:1)
  A frost giant (IceCv)
  Azrael (D:12)
  The ghost of jr88keys the Spear-Bearer, a journeyman DrFi of Okawaru (D:10)
  Fannar (D:11)
  4 catoblepae
  3 hydras
  2 boulder beetles (Lair:1)
  A centaur warrior (D:10)
  9 two-headed ogres
  A dancing weapon (Elf:1)
  An ogre mage (Orc:2)
  10 death yaks
  Nergalle (D:11)
  4 deep elf knights (Elf:1)
  An unseen horror (D:11)
  3 deep elf archers (Elf:1)
  8 orc knights
  Pikel (D:9)
  An ugly thing (D:11)
  12 deep elf magi (Elf:1)
  2 manticores (Lair:6)
  An orc sorcerer (Orc:2)
  9 elephants
  6 black mambas
  3 merfolk sirens (Lair:4)
  An ice statue (IceCv)
  The ghost of Meejax the Grave Robber, a novice DDNe (D:5)
  3 rime drakes
  A torpor snail (Lair:2)
  18 cane toads
  4 komodo dragons
  A freezing wraith (D:12)
  A troll (Orc:2)
  A merfolk (Lair:4)
  A jumping spider (Lair:3)
  16 polar bears (IceCv)
  A hornet (D:10)
  A slime creature (D:12)
  4 blink frogs (Lair:4)
  4 dream sheep (Lair:4)
  Sigmund (D:4)
  A shadow (D:10)
  A water elemental (Elf:1)
  64 yaks
  2 wyverns
  4 basilisks
  2 fire elementals
  3 vampire mosquitoes (D:12)
  10 wargs (Orc:2)
  11 water moccasins
  9 ice beasts
  3 hell hounds
  Duvessa (D:4)
  33 orc warriors
  3 sky beasts
  4 black bears
  10 ogres
  5 centaurs
  A lemure (D:9)
  21 wolves
  A big kobold (D:11)
  18 bullfrogs
  An earth elemental (Elf:1)
  Dowan (D:4)
  A gnoll sergeant (D:11)
  4 scorpions
  5 wights
  An electric eel (Lair:5)
  2 howler monkeys
  3 bullfrog zombies
  A centaur zombie (D:7)
  3 jellies
  2 quasits
  3 orc priests
  Crazy Yiuf (D:4)
  15 orc wizards
  A bullfrog skeleton (D:5)
  4 hounds
  An iguana (D:10)
  Natasha (twice) (D:2)
  12 worker ants
  2 hound zombies (D:5)
  3 hound skeletons
  A howler monkey zombie (D:7)
  10 gnolls
  10 adders
  A shadow imp (D:6)
  6 white imps
  An ufetubus (D:6)
  4 oozes
  An adder skeleton (D:5)
  3 worms
  2 dart slugs (D:3)
  7 leopard geckos
  71 orcs
  2 giant cockroaches
  4 goblins
  6 hobgoblins
  11 jackals
  15 kobolds
  5 quokkas
  6 bats
  6 frilled lizards
  A jackal zombie (D:5)
  2 quokka skeletons
  6 rats
603 creatures vanquished.

Vanquished Creatures (others)
  A death yak (Lair:6)
  A deep elf mage (Elf:1)
  A cane toad (Lair:6)
  2 komodo dragons (Lair:6)
  25 fungi
  21 plants
51 creatures vanquished.

Grand Total: 654 creatures vanquished

Notes
Turn   | Place    | Note
-------+----------+-------------------------------------------
     0 | D:1      | mhtbhm the Gargoyle Fighter began the quest for the Orb.
     0 | D:1      | Reached XP level 1. HP: 14/14 MP: 1/1
    68 | D:1      | Reached XP level 2. HP: 12/19 MP: 2/2
   444 | D:1      | Reached XP level 3. HP: 24/24 MP: 3/3
  1293 | D:2      | Reached XP level 4. HP: 24/29 MP: 4/4
  1302 | D:2      | Reached skill level 1 in Dodging
  1689 | D:2      | Reached XP level 5. HP: 27/33 MP: 5/5
  1696 | D:2      | Noticed Natasha
  1704 | D:2      | Killed Natasha
  1705 | D:2      | Reached skill level 4 in Shields
  1948 | D:2      | Noticed Natasha
  1960 | D:2      | Killed Natasha
  2278 | D:3      | Found a shadowy altar of Dithmenos.
  2402 | D:3      | Reached XP level 6. HP: 36/38 MP: 6/6
  2880 | D:4      | Noticed Duvessa
  2880 | D:4      | Noticed Dowan
  2899 | D:4      | Killed Duvessa
  2920 | D:4      | Killed Dowan
  3172 | D:4      | Reached skill level 5 in Maces & Flails
  3172 | D:4      | Reached XP level 7. HP: 34/43 MP: 7/7
  3269 | D:5      | Entered Level 5 of the Dungeon
  3285 | D:6      | Reached skill level 5 in Armour
  3609 | D:6      | You fall into a shaft and drop 2 floors!
  3702 | D:7      | Found Ykhiarphum's General Store.
  3869 | D:7      | Reached skill level 5 in Shields
  4001 | D:7      | Found a broken altar of Ashenzari.
  4004 | D:7      | Found a hazy altar of Hepliaklqana.
  4004 | D:7      | Found a snail-covered altar of Cheibriados.
  4005 | D:7      | You fall into a shaft and drop 2 floors!
  4032 | D:9      | Found a staircase to the Lair.
  4035 | D:9      | Noticed Pikel
  4219 | D:7      | Reached skill level 5 in Fighting
  4219 | D:7      | Reached XP level 8. HP: 30/49 MP: 8/8
  4472 | D:7      | Reached skill level 6 in Shields
  4592 | D:7      | Found an opulent altar of Gozag.
  5861 | D:6      | Reached XP level 9. HP: 50/55 MP: 9/9
  6029 | D:5      | Found a transporter.
  6256 | D:5      | Reached skill level 7 in Shields
  6528 | D:5      | Reached skill level 1 in Stealth
  6665 | D:5      | Found a transporter.
  6665 | D:5      | Noticed Meejax's ghost (novice DDNe)
  6805 | D:5      | Killed Meejax's ghost
  7030 | D:4      | Noticed Sigmund
  7038 | D:4      | Killed Sigmund
  7370 | D:4      | Found a staircase to the Ecumenical Temple.
  7505 | D:4      | Found a runed translucent door.
  7506 | D:4      | Noticed Crazy Yiuf
  7607 | D:4      | Paralysed by Crazy Yiuf for 4 turns
  7613 | D:4      | Killed Crazy Yiuf
  7722 | Temple   | Entered the Ecumenical Temple
  7797 | Temple   | Became a worshipper of Warmaster Okawaru
  8731 | D:9      | Killed Pikel
  8731 | D:9      | Reached * piety under Okawaru
  8732 | D:9      | Reached skill level 8 in Shields
  8732 | D:9      | Reached XP level 10. HP: 40/61 MP: 10/10
  8907 | D:9      | Found a staircase to the Orcish Mines.
  9428 | Lair:1   | Entered Level 1 of the Lair of Beasts
 10073 | Lair:1   | Noticed a cane toad
 10077 | Lair:1   | Killed a cane toad
 10077 | Lair:1   | Reached ** piety under Okawaru
 10441 | Lair:1   | Found a transporter.
 10442 | Lair:1   | Noticed a cane toad
 10444 | Lair:1   | Found a transporter.
 10451 | Lair:1   | Killed a cane toad
 10452 | Lair:1   | Reached skill level 9 in Shields
 10452 | Lair:1   | Noticed a boulder beetle
 10452 | Lair:1   | Noticed a boulder beetle
 10716 | Lair:1   | Killed a boulder beetle
 10728 | Lair:1   | Killed a boulder beetle
 10728 | Lair:1   | Reached *** piety under Okawaru
 10729 | Lair:1   | Reached XP level 11. HP: 33/67 MP: 9/11
 10969 | Lair:2   | Reached skill level 10 in Maces & Flails
 11093 | Lair:2   | Reached **** piety under Okawaru
 11117 | Lair:2   | Found a frozen archway.
 11134 | IceCv    | Entered an ice cave
 11301 | IceCv    | Reached skill level 10 in Shields
 11334 | IceCv    | Noticed a death yak
 11381 | IceCv    | Killed a death yak
 11397 | IceCv    | Reached ***** piety under Okawaru
 11685 | IceCv    | Received a gift from Okawaru
 11707 | IceCv    | HP: 3/68 [polar bear (1)]
 12248 | IceCv    | Reached skill level 11 in Shields
 12702 | IceCv    | Reached XP level 12. HP: 69/74 MP: 12/12
 12969 | IceCv    | Reached skill level 5 in Dodging
 13102 | IceCv    | Noticed a death yak
 13102 | IceCv    | Noticed a frost giant
 13123 | IceCv    | Killed a death yak
 13154 | IceCv    | Killed a frost giant
 13155 | IceCv    | Reached skill level 12 in Shields
 13805 | Lair:2   | Reached skill level 1 in Invocations
 13811 | Lair:2   | Noticed a four-headed hydra
 14256 | Lair:2   | Received a gift from Okawaru
 14359 | Lair:2   | Reached skill level 13 in Shields
 14864 | Lair:3   | Reached XP level 13. HP: 73/79 MP: 14/14
 15002 | Lair:3   | Reached skill level 5 in Stealth
 15183 | Lair:3   | Found a hide-covered altar of Uskayaw.
 15213 | Lair:3   | Found a hole to the Spider Nest.
 15227 | Lair:3   | Received a gift from Okawaru
 15245 | Lair:3   | Got a heavily runed plate armour {god gift}
 15251 | Lair:3   | Identified the +4 plate armour "Nebysk" {*Drain rPois MP+9
                  | Int+4 Dex+2} (Okawaru gifted it to you on level 3 of the
                  | Lair of Beasts)
 16435 | Lair:4   | Reached skill level 14 in Shields
 16616 | Lair:4   | Found a staircase to the Shoals.
 17130 | Lair:5   | Reached skill level 10 in Armour
 17186 | Lair:5   | Reached ****** piety under Okawaru
 17903 | Lair:6   | Entered Level 6 of the Lair of Beasts
 18030 | Lair:6   | Received a gift from Okawaru
 18274 | Lair:6   | Gained mutation: Your large and strong wings let you fly
                  | indefinitely. [Gargoyle growth]
 18274 | Lair:6   | Reached XP level 14. HP: 87/87 MP: 15/15
 18564 | Lair:6   | Reached skill level 10 in Fighting
 18595 | Lair:6   | Reached skill level 15 in Shields
 18890 | Lair:6   | Received a gift from Okawaru
 19085 | Lair:6   | Found a staircase to the Slime Pits.
 19601 | Lair:5   | Got a crude hand axe
 19602 | Lair:5   | Identified the +11 hand axe of Governance {holy, rPois
                  | Str+4} (You found it on level 5 of the Lair of Beasts)
 19612 | Lair:5   | Upgraded the game from 0.26-a0-818-g75db068ed4 to
                  | 0.26-a0-831-g7192265339
 20029 | Orc:1    | Entered Level 1 of the Orcish Mines
 20208 | Orc:1    | You are sucked into a shaft and drop 1 floor!
 20208 | Orc:2    | Entered Level 2 of the Orcish Mines
 20936 | Orc:1    | Found a roughly hewn altar of Beogh.
 21238 | Orc:2    | Found Hesh's Weapon Boutique.
 21268 | Orc:2    | Reached skill level 16 in Shields
 21514 | Orc:2    | Found Luoteliji's Distillery.
 21588 | Orc:2    | Bought 2 potions of invisibility for 224 gold pieces
 21588 | Orc:2    | Bought a potion of might for 56 gold pieces
 21657 | Orc:2    | Found a roughly hewn altar of Beogh.
 21680 | Orc:2    | Found Palycioph's Gadget Emporium.
 21729 | Orc:2    | Found a bloodstained altar of Trog.
 21749 | Orc:2    | Bought a condenser vane for 480 gold pieces
 21939 | Orc:2    | Received a gift from Okawaru
 21947 | Orc:2    | Reached XP level 15. HP: 66/93 MP: 16/16
 22231 | Orc:2    | Found Febbuog's Armour Boutique.
 22231 | Orc:2    | Found Vofoesch's General Store.
 22289 | Orc:2    | Bought a potion of heal wounds for 65 gold pieces
 22289 | Orc:2    | Bought a scroll of teleportation for 39 gold pieces
 22589 | Orc:2    | Found a staircase to the Elven Halls.
 22892 | Elf:1    | Entered Level 1 of the Elven Halls
 23476 | Elf:1    | Received a gift from Okawaru
 23484 | Elf:1    | Reached skill level 1 in Evocations
 23492 | Elf:1    | Reached skill level 17 in Shields
 24124 | Elf:1    | Noticed a deep elf sorcerer
 24134 | Elf:1    | Killed a deep elf sorcerer
 24369 | Elf:1    | Received a gift from Okawaru
 24855 | D:10     | Entered Level 10 of the Dungeon
 25274 | D:10     | Found a runed translucent door.
 25278 | D:10     | Noticed jr88keys's ghost (journeyman DrFi)
 25325 | D:10     | Killed jr88keys's ghost
 25668 | D:11     | Noticed Fannar
 25693 | D:11     | Killed Fannar
 25926 | D:11     | Received a gift from Okawaru
 26109 | D:11     | Noticed Nergalle
 26135 | D:11     | Killed Nergalle
 26361 | D:12     | Noticed Azrael
 26492 | D:12     | Killed Azrael
 26798 | D:12     | Demolished by a titanic slime creature

Illustrated notes

Levels and vault maps discovered:
D:1:      lightli_arrival_flooded_house, layout_basic, minmay_indecisive_spiral
D:2:      layout_loops_ring, uniq_natasha
D:3:      layout_basic, grunt_ministairs_2, nicolae_dithmenos_shadow_blocks
D:4:      layout_basic, lemuel_temple_firewalk_b, minmay_manual_mares,
          uniq_duvessa, uniq_crazy_yiuf_cottage, uniq_sigmund
D:5:      layout_cave_pools, gammafunk_ghost_mausoleum
D:6:      layout_cave_pods, minmay_a_box_with_orc_wizards_in_it
D:7:      layout_gridville, grunt_temple_overflow_open, serial_shops,
          shop_fountains
D:8:      layout_basic, minmay_liquid_box
D:9:      layout_cave_pods, lair_entry_dummy, orc_0_dummy, uniq_pikel
D:10:     layout_roguey, ebering_ghost_reflecting_pool, skrybe_limestone_x,
          minmay_chambers_of_fives
D:11:     layout_roguey, minmay_misc_feat_tiny, statue_in_the_mist_lemuel,
          uniq_nergalle, uniq_fannar
D:12:     layout_rooms, serial_park_tiny_pond, uniq_azrael, uniq_josephine
Temple:   dpeg_five_rooms_temple
Lair:1:   gammafunk_boulding_lane, layout_cave_pods, lemuel_fruit_tree,
          infiniplex_staircase_pool_2
Lair:2:   layout_small_grid, portal_ice_cave_entry_ice_beasts,
          beast_lair_carwin_8
Lair:3:   layout_cave_shapes, spider_nest_entry_rubble, basic_altar
Lair:4:   layout_regular_city, elwin_shoals_entry_stream
Lair:5:   layout_loops_ring, serial_bayou_shore_a
Lair:6:   evilmike_catoblepas_cave, layout_gridlike,
          nicolae_slime_entry_slimehenge
Orc:1:    layout_caves, basic_altar
Orc:2:    st_orc_town, layout_caves, serial_shops, nicolae_shop_statue_plus,
          basic_altar
Elf:1:    eino_elf_arrival_customs, layout_gridlike, orc_legates

Skill      XL: |  1  2  3  4  5  6  7  8  9 10 11 12 13 14 15 |
---------------+----------------------------------------------+-----
Dodging        | 1 2 3 4 6 |  6.4
Maces & Flails | 3 4 5 6 8 9 10 11 12 13 | 13.4
Armour         | 4 5 6 7 8 9 10 11 12 | 12.0
Shields        | 4 5 6 8 9 11 13 14 16 17 | 17.6
Fighting       | 4 5 6 7 8 9 10 11 | 11.3
Stealth        | 2 3 4 5 6 |  6.5
Invocations    | 1 2 |  2.0
Evocations     | 1 |  1.1
Axes           | |  0.4

Action                   |  1- 3 |  4- 6 |  7- 9 | 10-12 | 13-15 || total
-------------------------+-------+-------+-------+-------+-------++-------
Melee: Flail             |   162 |   212 |   493 |       |       ||   867
       Whip              |       |       |       |   925 |  2464 ||  3389
       Hand axe          |       |       |       |       |    13 ||    13
Throw: Dart              |       |       |       |       |     1 ||     1
Invok: Heroism           |       |       |       |     4 |     7 ||    11
 Abil: Fly               |       |       |       |       |     1 ||     1
Evoke: Wand              |       |       |     4 |       |     7 ||    11
       Condenser vane    |       |       |       |       |     1 ||     1
  Use: Scroll            |     1 |       |       |    18 |    11 ||    30
       Potion            |       |     2 |     3 |     6 |     2 ||    13
 Stab: Paralysed         |       |       |     4 |       |       ||     4
       Invisible         |       |       |       |     8 |       ||     8
       Petrified         |       |       |       |       |    11 ||    11
       Confused          |       |       |       |       |     5 ||     5
Armor: Scale mail        |   106 |    38 |       |       |       ||   144
       Ice dragon scales |       |   112 |   400 |   254 |    31 ||   797
       Plate armour      |       |       |       |       |   575 ||   575
Dodge: Dodged            |    64 |    97 |   226 |   194 |   403 ||   984
Block: Kite shield       |    96 |   148 |   352 |   594 |  1408 ||  2598
       Reflection        |       |       |       |     2 |    22 ||    24

Table legend: (Time is in decaauts)
 A = Elapsed time spent in this place.
 B = Non-inter-level travel time spent in this place.
 C = Inter-level travel time spent in this place.
 D = Time resting spent in this place.
 E = Time spent auto-exploring this place.
 F = Levels seen in this place.
 G = Mean time per level.
                   A        B        C        D        E       F      G
               +--------+--------+--------+--------+--------+-----+--------+
         Total |  25412 |  25118 |    294 |   4203 |  13797 |  23 | 1104.9 |
       Dungeon |  11079 |  10956 |    123 |   1358 |   6488 |  12 |  923.2 |
        Temple |    284 |    200 |     84 |      0 |    119 |   1 |  284.0 |
          Lair |   7573 |   7506 |     67 |    756 |   4813 |   6 | 1262.2 |
  Orcish Mines |   2710 |   2706 |      4 |    243 |   1463 |   2 | 1355.0 |
   Elven Halls |   1545 |   1529 |     16 |    708 |    292 |   1 | 1545.0 |
      Ice Cave |   2219 |   2219 |      0 |   1138 |    621 |   1 | 2219.0 |
               +--------+--------+--------+--------+--------+-----+--------+

Top non-repeatable levels by time:
   IceCv: 2219 daAuts
  Lair:1: 2026 daAuts
   Orc:2: 1728 daAuts
   Elf:1: 1545 daAuts
  Lair:6: 1471 daAuts
     D:7: 1465 daAuts
     D:4: 1338 daAuts
     D:2: 1301 daAuts
  Lair:4: 1171 daAuts
     D:6: 1169 daAuts
  Lair:5: 1139 daAuts
     D:1: 992 daAuts
   Orc:1: 981 daAuts
     D:5: 922 daAuts
  Lair:2: 918 daAuts
